 Dungeon Crawl Stone Soup version 0.31-a0-142-g31f6795574 (webtiles) character file.

Game seed: 16264127448921874378

118 xian the Chiller (level 4, -1/33 HPs)
             Began as a Demonspawn Wanderer on June 3, 2023.
             Slain by a river rat (6 damage)
             ... summoned by Eustachio
             ... on level 4 of the Dungeon.
             The game lasted 00:08:09 (2314 turns).

xian the Chiller (Demonspawn Wanderer)              Turns: 2314, Time: 00:08:10

Health: -1/33      AC:  3    Str: 12    XL:     4   Next: 72%
Magic:  5/5        EV: 10    Int: 12    God:
Gold:   967        SH:  5    Dex: 16    Spells: 2/5 levels left

rFire   . . .        h - +0 dagger
rCold   . . .        q - +2 buckler
rNeg    . . .        e - +0 leather armour
rPois   .            (no helmet)
rElec   .            (no cloak)
rCorr   .            (no gloves)
SInv    .            (no boots)
Will    .....        (no amulet)
Stlth   +            (no ring)
HPRegen 0.25/turn    (no ring)
MPRegen 0.18/turn

%: no passive effects
@: mighty
A: magic regeneration, demonic touch 2
a: no special abilities


You were on level 4 of the Dungeon.
You visited 1 branch of the dungeon, and saw 4 of its levels.

You collected 967 gold pieces.

Inventory:

Hand Weapons
 a - a +0 sling
 h - a +0 dagger (weapon)
Armour
 e - a +0 leather armour (worn)
 q - a +2 buckler (worn)
Magical Staves
 o - a staff of poison
Jewellery
 i - a ring of poison resistance
 j - an amulet of faith
Scrolls
 d - 2 scrolls of poison {unknown}
 f - 2 scrolls of teleportation {unknown}
 g - 5 scrolls of identify
 k - a scroll of amnesia {unknown}
 l - a scroll of vulnerability {unknown}
 n - a scroll of butterflies {unknown}
 r - a scroll of fear
Potions
 c - 3 potions of curing
 p - a potion of mutation
Miscellaneous
 b - a piece from Xom's chessboard (15/15)


   Skills:
 + Level 2.0 Fighting
 + Level 0.1 Short Blades
 + Level 3.0 Ranged Weapons
 + Level 1.0 Throwing
 + Level 1.4 Armour
 + Level 0.2 Dodging
 + Level 0.3 Stealth
 + Level 1.3 Spellcasting
 + Level 3.8 Ice Magic
 + Level 2.0 Evocations


You had 2 spell levels left.
You knew the following spells:

 Your Spells              Type           Power      Damage    Failure   Level
a - Freeze                Ice            40%        1d6       11%         1
b - Ensorcelled Hibernat  Hex/Ice        10%        N/A       36%         2

Your spell library contained the following spells:

 Spells                   Type           Power      Damage    Failure   Level
 Summon Small Mammal      Summ           0%         N/A       50%         1
 Call Canine Familiar     Summ           0%         N/A       86%         3
 Summon Guardian Golem    Hex/Summ       0%         N/A       86%         3
 Ice Form                 Ice/Tmut       5%         N/A       94%         4


Dungeon Overview and Level Annotations

Branches:
Dungeon (4/15)
 Temple: D:4-7

Altars:
Kikubaaqudgha
Sif Muna
Xom
Yredelemnul

Annotations:
D:3 2 transporters, Menkaure
D:4 Eustachio


Innate Abilities, Weirdness & Mutations

You regenerate magic rapidly.
Your touch may inflict irresistible damage on your foes.


Message History

Eustachio is lightly wounded.
Eustachio hits you with a +0 rapier.
You closely miss Eustachio.
Eustachio is lightly wounded.
Eustachio closely misses you.
You completely miss Eustachio.
Eustachio is lightly wounded.
Eustachio barely misses you.
You puncture Eustachio!
Eustachio is moderately wounded.
Eustachio barely misses you.
You closely miss Eustachio.
Eustachio is moderately wounded.
You block Eustachio's attack.
You barely miss Eustachio.
Eustachio is moderately wounded.
Eustachio mumbles some strange words.
Your magical contamination has completely faded away.
You hit Eustachio.
Eustachio is heavily wounded.
Eustachio hits you with a +0 rapier.
Unknown command.
You puncture Eustachio!
Eustachio is severely wounded.
Eustachio mumbles some strange words.
You puncture Eustachio!
Eustachio is almost dead.
Eustachio screams, "At last I'll have my revenge!"
Eustachio casts a spell.
You block the river rat's attack.
You barely miss Eustachio.
Eustachio is almost dead.
The bat barely misses you. Eustachio hits you with a +0 rapier.
The river rat barely misses you.
You barely miss Eustachio.
Eustachio is almost dead.
Eustachio hits you with a +0 rapier!
* * * LOW HITPOINT WARNING * * *
You block the bat's attack. The river rat bites you.
You die...

#.# ... #.# ##.##
55. #O# #
#.########@##.##.#
#.##....b@rb.....#
#.##.#############
#.##.# #.##.#
#.##.# #.##.#
####.##†#
#####<.>....#
......##.####


You could see Eustachio, an ogre, a quasit (summoned), a river rat (summoned)
and 2 bats.

Vanquished Creatures
  A hound (D:4)
  An adder (D:3)
  A worm (D:2)
  A dart slug (D:3)
  5 orcs (D:3)
  4 bats
  2 endoplasms (D:1)
  2 giant cockroaches
  A goblin (D:2)
  5 hobgoblins
  2 quokkas (D:3)
  3 ball pythons
  6 frilled lizards
  8 kobolds
  9 rats
51 creatures vanquished.

Vanquished Creatures (others)
  An orc wizard (D:3)
1 creature vanquished.

Grand Total: 52 creatures vanquished

Notes
Turn   | Place    | Note
-------+----------+-------------------------------------------
     0 | D:1      | xian the Demonspawn Wanderer began the quest for the Orb.
     0 | D:1      | xian set off with the following items: a +0 sling, a piece
                  | from Xom's chessboard (15/15), a potion of curing, a +0
                  | robe; and the following spell memorised: Freeze; and the
                  | following spells available to memorise: Ensorcelled
                  | Hibernation, Ice Form.
     0 | D:1      | Reached XP level 1. HP: 13/13 MP: 2/2
   132 | D:1      | You fall into a shaft and drop 1 floor!
   149 | D:2      | Gained mutation: Your touch may inflict minor irresistible
                  | damage on your foes. [demonic ancestry]
   149 | D:2      | Reached XP level 2. HP: 12/20 MP: 1/3
   402 | D:2      | Reached skill level 1 in Fighting
   598 | D:1      | Learned a level 2 spell: Ensorcelled Hibernation
  1002 | D:2      | Gained mutation: Your touch may inflict irresistible damage
                  | on your foes. [demonic ancestry]
  1002 | D:2      | Reached XP level 3. HP: 26/26 MP: 4/4
  1488 | D:3      | Found a shimmering blue altar of Sif Muna.
  1696 | D:3      | Reached skill level 1 in Armour
  1696 | D:3      | Gained mutation: You regenerate magic rapidly. [demonic
                  | ancestry]
  1696 | D:3      | Reached XP level 4. HP: 9/33 MP: 1/5
  1998 | D:3      | Found a basalt altar of Yredelemnul.
  1999 | D:3      | Noticed Menkaure
  2000 | D:3      | Found an ancient bone altar of Kikubaaqudgha.
  2001 | D:3      | Found a transporter.
  2015 | D:3      | Found a transporter.
  2081 | D:3      | Identified a scroll of acquirement
  2082 | D:3      | Acquired 775 gold pieces
  2227 | D:3      | Found a shimmering altar of Xom.
  2288 | D:4      | Noticed Eustachio
  2302 | D:4      | Noticed an ogre
  2314 | D:4      | Slain by a river rat

Illustrated notes

Levels and vault maps discovered:
D:1:      spicycebolla_green_bress_n_ham, layout_rooms
D:2:      layout_loops_ring
D:3:      layout_loops_ring, gammafunk_temple_of_torment,
          mainiacjoe_overflow_big_doors, palyth_stone_intersect
D:4:      layout_loops_ring, nicolae_qazlal_beasts_of_the_sky,
          grunt_dithmenos_smoke_and_mirrors, uniq_robin, uniq_eustachio

Skill      XL: |  1  2  3  4 |
---------------+-------------+-----
Fighting       | 1 2 |  2.0
Ranged Weapons | 2 3 |  3.0
Armour         | 1 |  1.4
Short Blades   | |  0.1
Throwing       | |  1.0
Dodging        | |  0.2
Stealth        | |  0.3
Spellcasting   | |  1.3
Ice Magic      | |  3.8
Evocations     | |  2.0

Action                     |  1- 3 |  4- 6 || total
---------------------------+-------+-------++-------
  Melee: Dagger            |     1 |    20 ||    21
   Fire: Sling             |   138 |    20 ||   158
   Cast: Freeze            |    22 |     6 ||    28
    Use: Potion            |     1 |     1 ||     2
         Scroll            |       |     5 ||     5
 Armour: Leather armour    |    24 |     2 ||    26
  Dodge: Dodged            |    65 |    18 ||    83
  Block: Buckler           |     1 |     6 ||     7

Table legend: (Time is in decaauts)
 A = Elapsed time spent in this place.
 B = Non-inter-level travel time spent in this place.
 C = Inter-level travel time spent in this place.
 D = Time resting spent in this place.
 E = Time spent auto-exploring this place.
 F = Levels seen in this place.
 G = Mean time per level.
                   A        B        C        D        E       F      G
               +--------+--------+--------+--------+--------+-----+--------+
         Total |   2365 |   2282 |     83 |      0 |   1773 |   4 |  591.2 |
       Dungeon |   2365 |   2282 |     83 |      0 |   1773 |   4 |  591.2 |
               +--------+--------+--------+--------+--------+-----+--------+

Top non-repeatable levels by time:
     D:3: 989 daAuts
     D:2: 822 daAuts
     D:1: 494 daAuts
     D:4: 58 daAuts
